 Dungeon Crawl Stone Soup version 0.15-a0-1766-g0ee8742 (webtiles) character file.

15607 Impoz the Thaumaturge (level 12, -19/72 HPs)
             Began as a Gargoyle Ice Elementalist on June 28, 2014.
             Was an Elder of Vehumet.
             Demolished by Schneiderlin's ghost (24 damage)
             ... on Level 11 of the Dungeon.
             The game lasted 01:53:17 (15094 turns).

Impoz the Thaumaturge (Gargoyle Ice Elementalist)  Turns: 15094, Time: 01:53:17

HP -19/72        AC 12     Str 17      XL: 12   Next: 28%
MP  11/32        EV 12     Int 21      God: Vehumet [****..]
Gold 703         SH  0     Dex 10      Spells:  7 memorised, 12 levels left

rFire  x . .     SeeInvis .     p - +1 rod of the swarm (2/10)
rCold  + . .     Clarity  .     Q - +0 robe
rNeg   + + .     rCorr    .     (no shield)
rPois  +         rRot     +     (no helmet)
rElec  +         Spirit   .     k - +1 cloak
SustAb .         Warding  +     (no gloves)
rMut   .         Stasis   .     (no boots)
Gourm  .                        y - amulet of warding
MR     .....                    B - ring of ice
                                M - +2 ring of slaying

@: mighty, about to teleport, not resistant to hostile enchantments, unstealthy
A: blurry vision 2, life protection 1, electricity resistance, spit poison 1,
unbreathing, petrification resistance, rot immunity, AC +8
a: Spit Poison, Renounce Religion


You were on level 11 of the Dungeon.
You worshipped Vehumet.
Vehumet was greatly pleased with you.
You were very hungry.

You visited 2 branches of the dungeon, and saw 13 of its levels.

You collected 723 gold pieces.
You spent 20 gold pieces at shops.

Inventory:

Hand weapons
 f - a +1 quarterstaff
 x - a +0 eveningstar
Missiles
 I - 12 tomahawks (quivered)
 T - 5 javelins
Armour
 k - a +1 cloak (worn)
 Q - a +0 robe (worn)
Magical devices
 r - a wand of random effects (0)
 E - a wand of draining (0)
 K - a wand of cold (0)
 N - a wand of teleportation (1)
 V - a wand of magic darts (12)
 W - a wand of fire (0)
 X - a wand of polymorph (10)
 Z - a wand of frost (6)
Comestibles
 c - 6 bread rations
 P - 9 slices of pizza
 U - 5 meat rations
Scrolls
 a - 3 scrolls of fear
 g - 8 scrolls of remove curse
 h - 3 scrolls of teleportation
 m - 2 scrolls of fog
 n - a scroll of recharging
 s - a scroll of blinking
 C - a scroll of enchant weapon
Jewellery
 l - an uncursed ring of invisibility
 o - an uncursed ring of magical power {unknown}
 w - an uncursed ring of fire
 y - an amulet of warding (around neck)
 B - a ring of ice (right hand)
 D - an uncursed ring of fire
 L - an uncursed ring of stealth
 M - a +2 ring of slaying (left hand)
Potions
 e - 2 potions of might
 i - 6 potions of curing
 q - 2 potions of brilliance
 t - a potion of restore abilities
 u - 3 potions of agility
 F - a potion of invisibility
 O - a potion of flight
Books
 b - a book of Frost

   Spells                             Type                      Level
   *Freeze                            Ice                          1
   *Throw Frost                       Conjuration/Ice              2
   *Ozocubu's Armour                  Charms/Ice                   3
   *Throw Icicle                      Conjuration/Ice              4
   Summon Ice Beast                   Ice/Summoning                4
   *Condensation Shield               Ice                          4
 A - the Collected Works on Snow
   (You found it on level 7 of the Dungeon)

   Spells                             Type                      Level
   *Freeze                            Ice                          1
   *Condensation Shield               Ice                          4
   Metabolic Englaciation             Hexes/Ice                    5
   *Simulacrum                        Ice/Necromancy               6
 S - a book of Annihilations {highlevel}

   Spells                             Type                      Level
   Poison Arrow                       Conjuration/Poison           6
   Chain Lightning                    Conjuration/Air              8
   Lehudib's Crystal Spear            Conjuration/Earth            8
   Glaciate                           Conjuration/Ice              9
   Fire Storm                         Conjuration/Fire             9
Miscellaneous
 H - a lamp of fire
Rods
 p - a +1 rod of the swarm (2/10) (weapon)
   (You found it on level 7 of the Dungeon)


   Skills:
 + Level 7.3 Fighting
 - Level 7.0 Maces & Flails
 - Level 2.0 Dodging
 + Level 2.4 Stealth
 * Level 11.6 Spellcasting
 + Level 10.4 Conjurations
 - Level 7.0 Ice Magic


You had 12 spell levels left.
You knew the following spells:

 Your Spells              Type           Power        Failure   Level  Hunger
a - Freeze                Ice            ####         1%          1    None
b - Throw Frost           Conj/Ice       ######       1%          2    None
c - Throw Icicle          Conj/Ice       ######..     1%          4    #......
d - Ozocubu's Armour      Chrm/Ice       #####.....   4%          3    None
e - Condensation Shield   Ice            ######....   3%          4    #......
f - Simulacrum            Ice/Necr       #####.....   99%         6    ######.
g - Searing Ray           Conj           ######       1%          2    None


Dungeon Overview and Level Annotations

Branches:
Dungeon (12/15)            Temple (1/1) D:5             Orc (0/4) D:12
   Lair: D:8-11

Altars:
Ashenzari
Cheibriados
Dithmenos
Elyvilon
Fedhas
Gozag
Kikubaaqudgha
Makhleb
Nemelex Xobeh
Okawaru
Qazlal
Sif Muna
Trog
Vehumet
Xom
Yredelemnul
Zin
The Shining One

Shops:
D:4 *   D:7 %   D:12 %

Annotations:
D:9 Schneiderlin's ghost, experienced CeGl
D:11 exclusion: 2 doors, Schneiderlin's ghost, experienced TrGl; letownia's ghost, powerful SpVM
D:12 7 exclusions


Innate Abilities, Weirdness & Mutations

You are resistant to torment.
You are immune to poison.
Your stone body is very resilient (AC +8).
You resist negative energy.
You are resistant to electric shocks.
You can survive without breathing.
You are immune to petrification.
You are immune to rotting.
Your vision is quite blurry.
You can spit poison.


Message History

Quiver which item? (- for none, * to show all) (? for menu, Esc to quit)
Okay, then.
Drink which item? (? for menu, Esc to quit)
You feel better. Schneiderlin's ghost hits you!!
* * * LOW HITPOINT WARNING * * *
Schneiderlin's ghost whispers, "Everlasting silence awaits you..."
You see here 27 stones.
You are feeling very hungry.
There is an open door here.
Items here: ))) [[[ Letownia's ghost turns its malevolent gaze towards you.
Evoke which item? (* to show all) (? for menu, Esc to quit)
Zapping:
N - a wand of teleportation (2)
Press: ? - help, Shift-Dir - straight line, f - you, p - Schneiderlin's ghost You feel strangely unstable.
This wand has 1 charge left.
Letownia's ghost casts a spell at you. The sting hits you! You resist.
Schneiderlin's ghost hits you.
* * * LOW HITPOINT WARNING * * *
Schneiderlin's ghost hits you!!
You die...

########## ########........#
#......#..@.....#
#......[..W.....#
####......#..###...#
#.........##..##...#
#...(.....###..#...###########
#.......### ##................
#...>....# #.................
#........# #▓######++######▓#
#........# #c .#C#


You could see Schneiderlin's ghost.

Vanquished Creatures
  The ghost of Schneiderlin the Carver, an experienced MiGl (D:8)
  A skeletal warrior (D:12)
  Erolcha (D:11)
  An unseen horror (D:12)
  A hill giant (D:10)
  A manticore (D:11)
  Psyche (D:9)
  A komodo dragon (D:11)
  3 trolls
  A wandering mushroom (D:8)
  A centaur skeleton (D:10)
  A polar bear (D:12)
  A two-headed ogre (D:8)
  A wyvern (D:8)
  2 shadows
  A wraith (D:12)
  2 hogs (D:9)
  3 vampire mosquitoes (D:12)
  4 yaks (D:12)
  2 humans
  2 hungry ghosts
  13 ugly things
  Eustachio (D:4)
  A soldier ant (D:12)
  A centaur simulacrum (D:12)
  A wolf (D:12)
  A tengu zombie (D:10)
  A water moccasin (D:12)
  An ogre skeleton (D:12)
  5 orc warriors
  2 sky beasts
  4 ice beasts
  3 phantoms
  2 necrophages
  6 ogres
  2 crocodiles
  6 centaurs
  Sigmund (D:5)
  2 big kobolds
  8 giant frogs
  A gnoll sergeant (D:6)
  2 scorpions
  A wyvern skeleton (D:8)
  2 cyclops skeletons
  13 wights
  A goliath beetle (D:6)
  2 electric eels
  4 crimson imps
  4 jellies
  2 quasits
  4 orc priests
  3 orc wizards
  An iguana (D:8)
  9 worker ants
  2 sheep (D:9)
  A killer bee zombie (D:7)
  14 gnolls
  6 hounds
  An orc zombie (D:9)
  3 shadow imps
  An inept item mimic (D:8)
  9 adders
  A white imp (D:12)
  A giant mite (D:6)
  2 ufetubi (D:12)
  3 worms
  An adder skeleton (D:4)
  3 giant geckos
  An ooze (D:3)
  40 orcs
  4 giant cockroaches
  14 hobgoblins
  7 jackals
  4 quokkas
  2 ball pythons
  10 bats
  6 giant newts
  A giant spore (D:8)
  8 goblins
  A hobgoblin skeleton (D:6)
  24 kobolds
  10 rats
  6 ballistomycetes
  2 fungi (D:8)
330 creatures vanquished.

Vanquished Creatures (collateral kills)
  An ogre (D:7)
  A giant frog (D:7)
  A troll zombie (D:7)
  A hound (D:7)
  A gnoll (D:7)
  A shadow imp (D:7)
  A giant newt (D:7)
  A giant newt zombie (D:7)
8 creatures vanquished.

Vanquished Creatures (others)
  2 killer bees (D:11)
  2 worker ants (D:11)
  A giant spore (D:6)
  A butterfly (D:7)
6 creatures vanquished.

Grand Total: 344 creatures vanquished

Notes
Turn   | Place    | Note
--------------------------------------------------------------
     0 | D:1      | Impoz, the Gargoyle Ice Elementalist, began the quest for the Orb.
     0 | D:1      | Reached XP level 1. HP: 10/10 MP: 3/3
   288 | D:1      | Reached XP level 2. HP: 12/15 MP: 2/4
   413 | D:1      | Learned a level 2 spell: Throw Frost
   662 | D:2      | Reached XP level 3. HP: 17/19 MP: 0/6
  1250 | D:3      | Reached XP level 4. HP: 24/24 MP: 0/9
  1282 | D:3      | Learned a level 4 spell: Throw Icicle
  1368 | D:3      | Found a bloodstained altar of Trog.
  1799 | D:4      | Noticed an ogre
  1805 | D:4      | Killed an ogre
  1805 | D:4      | Reached XP level 5. HP: 28/28 MP: 0/11
  1954 | D:4      | Noticed Eustachio
  2013 | D:4      | Killed Eustachio
  2013 | D:4      | Reached skill level 4 in Conjurations
  2013 | D:4      | Reached XP level 6. HP: 24/32 MP: 1/13
  2425 | D:4      | Noticed an ogre
  2461 | D:4      | Killed an ogre
  2461 | D:4      | Reached XP level 7. HP: 7/36 MP: 0/17
  2745 | D:4      | Noticed a phantom
  2790 | D:5      | Entered Level 5 of the Dungeon
  2979 | D:4      | Found Gyskung's General Store.
  2996 | D:4      | Killed a phantom
  2996 | D:4      | Reached skill level 5 in Conjurations
  3018 | D:4      | Bought a scroll of identify for 20 gold pieces
  3625 | D:5      | Reached skill level 5 in Ice Magic
  3706 | D:5      | Noticed Sigmund
  3742 | D:5      | Killed Sigmund
  3968 | D:5      | Found a staircase to the Ecumenical Temple.
  3985 | D:5      | Learned a level 3 spell: Ozocubu's Armour
  3992 | D:5      | Learned a level 4 spell: Condensation Shield
  4019 | Temple   | Entered the Ecumenical Temple
  4184 | Temple   | Became a worshipper of Vehumet
  4483 | D:5      | Reached skill level 6 in Conjurations
  4566 | D:5      | Noticed a human
  4566 | D:5      | an ice beast changed into a human
  4575 | D:5      | Killed a human
  4575 | D:5      | Reached XP level 8. HP: 33/41 MP: 8/19
  4790 | D:6      | Reached skill level 5 in Spellcasting
  5060 | D:6      | Reached skill level 7 in Conjurations
  5106 | D:6      | Reached skill level 1 in Fighting
  6148 | D:6      | Reached XP level 9. HP: 37/49 MP: 13/22
  6225 | D:6      | Acquired Vehumet's first power
  6225 | D:6      | Offered knowledge of Magic Dart by Vehumet.
  6409 | D:7      | Identified a +1 rod of the swarm (10/10) (You found it on level 7 of the Dungeon)
  6443 | D:7      | Found a blossoming altar of Fedhas.
  6545 | D:7      | Found Bluggiuc's Food Boutique.
  6794 | D:7      | Identified the Collected Works on Snow
  7805 | D:8      | Noticed Schneiderlin's ghost (experienced MiGl)
  7816 | D:8      | Killed Schneiderlin's ghost
  7816 | D:8      | Reached skill level 5 in Fighting
  8093 | D:8      | Noticed a wandering mushroom
  8125 | D:8      | Reached skill level 8 in Spellcasting
  8423 | D:8      | Learned a level 6 spell: Simulacrum
  8487 | D:8      | Reached XP level 10. HP: 59/59 MP: 20/26
  8584 | D:8      | Killed a wandering mushroom
  8923 | D:9      | Offered knowledge of Searing Ray by Vehumet.
  8936 | D:9      | Learned a level 2 spell: Searing Ray
  8954 | D:9      | Reached skill level 1 in Maces & Flails
  9413 | D:9      | Found an ancient bone altar of Kikubaaqudgha.
  9423 | D:9      | Reached skill level 9 in Spellcasting
  9427 | D:9      | Found a sparkling altar of Nemelex Xobeh.
  9427 | D:9      | Found a shattered altar of Ashenzari.
  9435 | D:9      | Found a glowing silver altar of Zin.
  9567 | D:9      | Noticed Schneiderlin's ghost (experienced CeGl)
  9588 | D:9      | Found an ancient bone altar of Kikubaaqudgha.
  9812 | D:9      | Noticed Psyche
  9817 | D:9      | Killed Psyche
 10585 | D:10     | Entered Level 10 of the Dungeon
 11126 | D:10     | Gained mutation: Your vision is a little blurry. [potion of mutation]
 11126 | D:10     | Gained mutation: You can spit poison. [potion of mutation]
 11126 | D:10     | Gained mutation: Your vision is quite blurry. [potion of mutation]
 11127 | D:10     | Paralysed by a potion of paralysis for 2 turns
 11315 | D:10     | Offered knowledge of Inner Flame by Vehumet.
 11354 | D:10     | Reached XP level 11. HP: 48/64 MP: 26/29
 11488 | D:10     | Noticed a hill giant
 11491 | D:10     | Killed a hill giant
 11491 | D:10     | Reached skill level 5 in Maces & Flails
 11962 | D:11     | Acquired Vehumet's second power
 11967 | D:11     | Reached skill level 10 in Spellcasting
 12140 | D:11     | Noticed a centaur warrior
 12180 | D:11     | Noticed letownia's ghost (powerful SpVM)
 12185 | D:11     | Noticed Erolcha
 12267 | D:12     | Noticed a skeletal warrior
 12275 | D:12     | Offered knowledge of Dazzling Spray by Vehumet.
 12797 | D:12     | Acquired Vehumet's third power
 12899 | D:12     | Found Apeobluf's Food Shoppe.
 13111 | D:12     | Offered knowledge of Fulminant Prism by Vehumet.
 13400 | D:12     | Noticed a skeletal warrior
 13402 | D:12     | Noticed a skeletal warrior
 13450 | D:12     | Killed a skeletal warrior
 13450 | D:12     | Reached skill level 11 in Spellcasting
 13568 | D:12     | Reached skill level 10 in Conjurations
 13785 | D:12     | Reached XP level 12. HP: 71/71 MP: 14/31
 14112 | D:12     | Noticed a skeletal warrior
 14136 | D:12     | Found a staircase to the Orcish Mines.
 14335 | D:12     | Killed an unseen horror
 14832 | D:11     | Noticed Schneiderlin's ghost (experienced TrGl)
 15026 | D:11     | Killed Erolcha
 15065 | D:11     | HP: 2/72 [Schneiderlin's ghost (21)]
 15094 | D:11     | Demolished by Schneiderlin's ghost

Action                   |  1- 3 |  4- 6 |  7- 9 | 10-12 || total
-------------------------+-------+-------+-------+-------++-------
Melee: Unarmed           |    19 |       |       |       ||    19
       Short sword       |    68 |       |       |       ||    68
       Dagger            |       |    34 |       |       ||    34
       Falchion          |       |    11 |    37 |       ||    48
       Quarterstaff      |       |       |    44 |       ||    44
       Eveningstar       |       |       |    22 |   146 ||   168
       Rod               |       |       |     8 |     1 ||     9
Throw: Tomahawk          |    14 |    27 |    38 |       ||    79
 Cast: Freeze            |    41 |    43 |   120 |    52 ||   256
       Throw Frost       |    11 |    28 |    71 |    26 ||   136
       Throw Icicle      |       |       |    51 |   206 ||   257
       Ozocubu's Armour  |       |       |     1 |       ||     1
       Condensation Shie |       |       |     1 |       ||     1
       Searing Ray       |       |       |       |    14 ||    14
Evoke: Wand              |       |     2 |    15 |    36 ||    53
       Rod               |       |       |     4 |     2 ||     6
  Use: Scroll            |     1 |     1 |    20 |     8 ||    30
       Potion            |       |       |     3 |    16 ||    19
 Stab: Sleeping          |     2 |       |     1 |       ||     3
       Paralysed         |       |       |     9 |       ||     9
